AoeStats
← NDF

Arabia

505997345Analyzed
2v2 RM · 20d ago on Sep 12, 2026· 70m 5s· 4 players
Game mode
Random Map
Map size
Medium (4 player)
Population
200
Speed
Normal
Resources
Standard
Victory
Conquest
Starting age
Dark Age
Ending age
Imperial Age
RankedLock teamsTeams togetherTeam positionsShared explorationLock speedFull tech treeHidden civsTurbo modeCheats
Victory
Defeat
🇵🇹 Wei · Portugal
821
+12
🇵🇹 Bohemians · Portugal
754
+16
🇦🇷 Teutons · Argentina
740
-14
🇦🇷 Spanish · Argentina
739
-14
NDF
3:38 Loom
13:23 Feudal Age
18:31 Castle Age
16:40 Double-Bit Axe
18:02 Horse Collar
18:54 Gold Mining
19:05 Stone Mining
20:07 Crossbowman
21:10 Padded Archer Armor
25:17 Elite Skirmisher
28:52 Stone Shaft Mining
32:44 Bow Saw
34:42 Leather Archer Armor
34:18 Fletching
38:02 Bodkin Arrow
41:10 Forging
41:01 Scale Mail Armor
41:07 Scale Barding Armor
41:50 Masonry
45:51 Imperial Age
44:43 Heavy Plow
45:14 Arson
45:30 Squires
44:50 Pikeman
48:13 Two-Man Saw
48:55 Wheelbarrow
48:06 Town Watch
48:55 Crop Rotation
48:16 Elite Teutonic Knight
52:06 Iron Casting
53:33 Ironclad
59:56 Chain Mail Armor
63:54 Blast Furnace
63:25 Ring Archer Armor
63:27 Plate Mail Armor
estebanpa
3:50 Loom
11:27 Feudal Age
19:43 Castle Age
17:50 Gold Mining
17:53 Stone Mining
17:52 Double-Bit Axe
17:50 Horse Collar
18:49 Scale Barding Armor
21:05 Bow Saw
20:58 Heavy Plow
21:37 Stone Shaft Mining
21:07 Husbandry
21:54 Bloodlines
29:18 Imperial Age
29:00 Chain Barding Armor
29:20 Cavalier
34:00 Paladin
35:20 Light Cavalry
38:16 Inquisition
38:41 Supremacy
49:42 Squires
49:07 Elite Conquistador
51:31 Redemption
51:48 Illumination
52:05 Gambesons
51:41 Man-at-Arms
54:49 Long Swordsman
55:45 Two-Handed Swordsman
57:09 Pikeman
62:42 Block Printing
BlueDragon_Tuga
7:20 Loom
10:23 Feudal Age
11:04 Double-Bit Axe
11:02 Horse Collar
16:40 Gold Mining
17:57 Wheelbarrow
17:41 Stone Mining
20:56 Castle Age
21:48 Bow Saw
22:00 Husbandry
22:11 Bloodlines
21:58 Fletching
22:08 Padded Archer Armor
23:57 Leather Archer Armor
23:38 Bodkin Arrow
33:46 Imperial Age
31:32 Hand Cart
31:03 Town Watch
32:36 Heavy Plow
33:18 Gold Shaft Mining
33:28 Stone Shaft Mining
33:20 Elite Skirmisher
34:05 Thumb Ring
35:48 Ring Archer Armor
35:18 Bracer
39:03 Scale Mail Armor
39:13 Forging
39:40 Conscription
40:23 Tuntian
41:05 Chain Mail Armor
41:26 Iron Casting
43:43 Pikeman
44:24 Squires
47:36 Halberdier
50:24 Parthian Tactics
52:59 Blast Furnace
52:06 Scale Barding Armor
54:04 Ballistics
54:44 Chemistry
53:25 Treadmill Crane
56:46 Heavy Hei Guang Cavalry
59:30 Hoardings
60:05 Chain Barding Armor
67:59 Spies/Treason
Sir KuBo PC
0:45 Loom
12:53 Feudal Age
14:37 Wheelbarrow
13:50 Arson
15:00 Double-Bit Axe
19:46 Horse Collar
27:24 Castle Age
26:04 Fletching
26:24 Forging
25:44 Man-at-Arms
28:18 Bow Saw
28:25 Hand Cart
28:13 Heavy Plow
29:57 Husbandry
29:18 Light Cavalry
30:01 Squires
29:56 Pikeman
30:53 Fervor
37:03 Imperial Age
34:57 Masonry
36:45 Chemistry
38:27 Bodkin Arrow
38:57 Ballistics
39:47 Two-Man Saw
39:22 Conscription
39:25 Sappers
39:47 Elite Skirmisher
41:33 Hussite Reforms
43:03 Architecture
42:46 Fortified Wall
42:22 Arrowslits
42:11 Halberdier
43:58 Wagenburg Tactics
44:44 Houfnice
46:15 Cavalier
48:48 Elite Hussite Wagon
58:51 Block Printing
59:02 Illumination
58:32 Herbal Medicine
59:12 Theocracy
58:38 Devotion
58:58 Sanctity
58:59 Heresy
58:39 Atonement
58:49 Redemption
68:11 Spies/Treason
Connection lost

Rejoining the realm…

Still unreachable

The connection could not be restored.

Session expired

The server has moved on; the page needs a fresh start.